 Dungeon Crawl Stone Soup version 0.29.1-1-gd02db69 (webtiles) character file.

Game seed: 5708278668716530311

583 Ayyar the Covered (level 7, 0/20 (51) HPs)
             Began as a Gnoll Wanderer on Apr 27, 2023.
             Was an Initiate of Ashenzari.
             Slain by an iguana (8 damage)
             ... on level 6 of the Dungeon.
             The game lasted 00:29:33 (5140 turns).

Ayyar the Covered (Gnoll Wanderer)                  Turns: 5140, Time: 00:29:34

HP:   0/20 (51)     AC:  9    Str: 14    XL:     7   Next: 37%
MP:   10/10         EV:  9    Int:  9    God:    Ashenzari [......]
Gold: 134           SH: 10    Dex: 13    Spells: 11/11 levels left

rFire   + . .      SeeInvis .   A - +0 spear (vamp)
rCold   + + .      Faith    .   a - +2 kite shield
rNeg    . . .      Spirit   .   c - +0 scale mail
rPois   .          Reflect  .   (no helmet)
rElec   .          Harm     .   C - scarf {rC+ rF+}
rCorr   .          Rampage  .   (no gloves)
Will    .....                   B - +0 pair of boots
Stlth   +.........              (no amulet)
HPRegen 0.06/turn               E - ring of protection from cold
MPRegen 0.12/turn               (no ring)

@: extremely drained
A: fangs 1, strong nose, distributed training
a: Renounce Religion, Curse Item


You were on level 6 of the Dungeon.
You worshipped Ashenzari.
Ashenzari was noncommittal.
You visited 2 branches of the dungeon, and saw 7 of its levels.
You also visited: Sewer.

You collected 134 gold pieces.

Inventory:

Hand Weapons
 t - a +4 short sword
 A - a +0 vampiric spear (weapon)
Missiles
 e - 18 poisoned darts (quivered)
 u - 3 curare-tipped darts
 y - 9 atropa-tipped darts
 G - 4 boomerangs
Armour
 a - a +2 kite shield (worn)
 c - a +0 scale mail (worn)
 B - a +0 pair of boots (worn)
 C - a scarf of resistance (worn)
Jewellery
 E - a ring of protection from cold (left hand)
 F - a ring of ice
Scrolls
 d - a scroll of blinking
 f - 3 scrolls of teleportation {unknown}
 g - 2 scrolls of poison
 j - a scroll of amnesia
 n - a scroll of magic mapping {unknown}
 o - a scroll of vulnerability {unknown}
 q - a scroll of fear {unknown}
 w - a scroll of enchant armour {unknown}
 x - a scroll of immolation {unknown}
Potions
 h - 2 potions of heal wounds
 i - a potion of magic {unknown}
 k - a potion of degeneration {unknown}
 l - 3 potions of haste
 m - a potion of might {unknown}
 p - 2 potions of resistance
 r - a potion of flight {unknown}
 s - 2 potions of invisibility
 v - 3 potions of mutation
 z - 2 potions of attraction {unknown}
 D - a potion of brilliance {unknown}
Miscellaneous
 b - a lightning rod (3/4)


   Skills:
 + Level 2.5 Fighting
 + Level 2.5 Short Blades
 + Level 2.5 Long Blades
 + Level 2.5 Axes
 + Level 2.5 Maces & Flails
 + Level 2.5 Polearms
 + Level 5.2 Staves
 + Level 2.5 Ranged Weapons
 + Level 2.5 Throwing
 + Level 7.0 Armour
 + Level 5.2 Dodging
 + Level 3.5 Stealth
 + Level 2.5 Shields
 + Level 2.5 Unarmed Combat
 + Level 2.5 Spellcasting
 + Level 2.0 Conjurations
 + Level 2.0 Hexes
 + Level 2.0 Summonings
 + Level 2.0 Necromancy
 + Level 2.0 Translocations
 + Level 2.0 Transmutations
 + Level 2.0 Fire Magic
 + Level 2.0 Ice Magic
 + Level 2.0 Air Magic
 + Level 2.0 Earth Magic
 + Level 2.0 Poison Magic
 + Level 2.8 Invocations
 + Level 5.2 Evocations


You had 11 spell levels left.
You didn't know any spells.
Your spell library contained the following spells:

 Spells                   Type           Power      Damage    Failure   Level
 Necrotise                Necr           16%        1d4       85%         1
 Ensorcelled Hibernation  Hex/Ice        8%         N/A       94%         2
 Passwall                 Tmut/Erth      3%         N/A       94%         2
 Spider Form              Tmut/Pois      4%         N/A       99%         3
 Swiftness                Air            4%         N/A       99%         3
 Vampiric Draining        Necr           4%         2d6       99%         3
 Anguish                  Hex/Necr       2%         N/A       100%        4
 Agony                    Necr           4%         N/A       100%        5


Dungeon Overview and Level Annotations

Branches:
Dungeon (6/15)             Temple (1/1) D:4           Sewer (visited)

Altars:
Ashenzari
Cheibriados
Elyvilon
Hepliaklqana
Kikubaaqudgha
Ru
Xom
Yredelemnul

Shops:
D:4 !


Innate Abilities, Weirdness & Mutations

You have very sharp teeth.
Your uncanny sense of smell can sniff out nearby items.
Your experience applies equally to all skills.


Message History

Something tries to affect you, but you resist.
You miss something. Something hits you.
You feel drained.
You closely miss something. Something hits you but does no damage.
You feel drained.
You barely miss something. Something hits you but does no damage.
You feel drained. You block something's attack.
You hit something.
You hear some strange, mumbled words.
Something tries to affect you, but you resist.
You barely miss something. Something hits you but does no damage.
You feel drained.
You miss something. Your bite misses something.
Something hits you but does no damage.
You feel drained.
You closely miss something. Something hits you but does no damage.
You feel drained.
You miss something. Something completely misses you.
You miss something. You block something's attack.
You barely miss something. Something hits you but does no damage.
You feel drained.
You barely miss something.
You hear some strange, mumbled words.
A puff of flame appears from out of thin air!
The puff of flame hits you. You resist.
You closely miss something. Something completely misses you.
Something hits you.
You feel drained.
You miss something.
You hear some strange, mumbled words.
Something tries to affect you, but you resist.
You hit something.
You feel better.
Reactivating autopickup.
You feel a bit more experienced.
You hit the iguana.
You feel better.
The iguana is moderately wounded.
The iguana bites you!
Ouch! That really hurt!
* * * LOW HITPOINT WARNING * * *
You hit the iguana.
You feel better.
The iguana is heavily wounded.
The iguana bites you!
You die... #.#.#####.#... #..$.l@....... ###########.##

You could see an iguana.

Vanquished Creatures
  4 kobold brigands (Sewer)
  2 necrophages (D:4)
  An orc wizard (D:6)
  4 adders
  A worm (D:3)
  2 dart slugs
  6 orcs (D:2)
  11 endoplasms
  3 giant cockroaches
  5 goblins
  9 hobgoblins
  3 quokkas
  12 ball pythons
  7 bats
  8 frilled lizards
  20 kobolds
  17 rats
115 creatures vanquished.

Vanquished Creatures (others)
  10 plants
10 creatures vanquished.

Grand Total: 125 creatures vanquished

Notes
Turn   | Place    | Note
-------+----------+-------------------------------------------
     0 | D:1      | Ayyar the Gnoll Wanderer began the quest for the Orb.
     0 | D:1      | Ayyar set off with the following items: a +0 quarterstaff,
                  | a lightning rod (4/4), a +0 scale mail, a scroll of
                  | blinking.
     0 | D:1      | Reached XP level 1. HP: 13/13 MP: 1/1
   148 | D:1      | Reached XP level 2. HP: 18/19 MP: 2/2
   536 | D:1      | Reached XP level 3. HP: 25/25 MP: 3/3
   757 | D:1      | Reached skill level 1 in Invocations
  1331 | D:2      | Reached skill level 1 in Fighting
  1331 | D:2      | Reached skill level 1 in Short Blades
  1331 | D:2      | Reached skill level 1 in Long Blades
  1331 | D:2      | Reached skill level 1 in Axes
  1331 | D:2      | Reached skill level 1 in Maces & Flails
  1331 | D:2      | Reached skill level 1 in Polearms
  1331 | D:2      | Reached skill level 1 in Ranged Weapons
  1331 | D:2      | Reached skill level 1 in Throwing
  1331 | D:2      | Reached skill level 1 in Shields
  1331 | D:2      | Reached skill level 1 in Unarmed Combat
  1331 | D:2      | Reached skill level 1 in Spellcasting
  1369 | D:2      | Reached XP level 4. HP: 16/32 MP: 5/5
  1569 | D:2      | Found a basalt altar of Yredelemnul.
  2160 | D:3      | Found a glowing drain.
  2178 | D:3      | Reached skill level 1 in Conjurations
  2178 | D:3      | Reached skill level 1 in Hexes
  2178 | D:3      | Reached skill level 1 in Summonings
  2178 | D:3      | Reached skill level 1 in Necromancy
  2178 | D:3      | Reached skill level 1 in Translocations
  2178 | D:3      | Reached skill level 1 in Transmutations
  2178 | D:3      | Reached skill level 1 in Fire Magic
  2178 | D:3      | Reached skill level 1 in Ice Magic
  2178 | D:3      | Reached skill level 1 in Air Magic
  2178 | D:3      | Reached skill level 1 in Earth Magic
  2178 | D:3      | Reached skill level 1 in Poison Magic
  2191 | Sewer    | Entered a sewer
  2296 | Sewer    | Noticed a kobold brigand
  2299 | Sewer    | Killed a kobold brigand
  2300 | Sewer    | Reached XP level 5. HP: 37/37 MP: 5/7
  2438 | Sewer    | Noticed a kobold brigand
  2438 | Sewer    | Noticed a kobold brigand
  2451 | Sewer    | Killed a kobold brigand
  2452 | Sewer    | Reached XP level 6. HP: 23/44 MP: 8/8
  2482 | Sewer    | Reached skill level 5 in Staves
  2482 | Sewer    | Reached skill level 5 in Dodging
  2482 | Sewer    | Reached skill level 5 in Evocations
  3163 | D:3      | Found a faded altar of an unknown god.
  3185 | D:3      | Prayed at the altar of an unknown god.
  3185 | D:3      | Became a worshipper of Ashenzari the Shackled
  3868 | D:4      | Reached skill level 7 in Armour
  3868 | D:4      | Reached XP level 7. HP: 42/51 MP: 10/10
  3947 | D:4      | Found a snail-covered altar of Cheibriados.
  4244 | D:4      | Found Xywkula's Distillery.
  4507 | D:4      | Found a staircase to the Ecumenical Temple.
  4516 | Temple   | Entered the Ecumenical Temple
  4885 | D:5      | Entered Level 5 of the Dungeon
  5140 | D:6      | Slain by an iguana

Illustrated notes

Levels and vault maps discovered:
D:1:      heliophobic_arrival_henge, layout_basic, serial_forest,
          infiniplex_forest_end_2, infiniplex_forest_straight_3,
          infiniplex_forest_lined_room_3, infiniplex_forest_split,
          infiniplex_forest_clump_small, infiniplex_forest_clump_double,
          infiniplex_forest_clump_small, infiniplex_forest_clump_diagonal,
          serial_bayou_pond_b, minmay_ruptured
D:2:      layout_basic, basic_altar, minmay_rat_gold_closets
D:3:      layout_basic, chequers_ecumenical_altar_lobes,
          cheibrodos_sewer_entry_drain
D:4:      layout_basic, cheibrodos_worm_habitat, serial_shops,
          nicolae_take_the_stairs
D:5:      layout_basic, grunt_dithmenos_smoke_and_mirrors, okawaru_gym_becter,
          serial_shops, nicolae_shop_window_shopping, amethyst_killhole,
          uniq_edmund
D:6:      layout_loops_ring, lemuel_round_altar, uniq_menkaure
Temple:   cyrus_circular_temple

Skill      XL: |  1  2  3  4  5  6  7 |
---------------+----------------------+-----
Invocations    | 1 2 |  2.8
Fighting       | 1 2 |  2.5
Short Blades   | 1 2 |  2.5
Long Blades    | 1 2 |  2.5
Axes           | 1 2 |  2.5
Maces & Flails | 1 2 |  2.5
Polearms       | 1 2 |  2.5
Ranged Weapons | 1 2 |  2.5
Throwing       | 1 2 |  2.5
Shields        | 1 2 |  2.5
Unarmed Combat | 1 2 |  2.5
Spellcasting   | 1 2 |  2.5
Conjurations   | 1 2 |  2.0
Hexes          | 1 2 |  2.0
Summonings     | 1 2 |  2.0
Necromancy     | 1 2 |  2.0
Translocations | 1 2 |  2.0
Transmutations | 1 2 |  2.0
Fire Magic     | 1 2 |  2.0
Ice Magic      | 1 2 |  2.0
Air Magic      | 1 2 |  2.0
Earth Magic    | 1 2 |  2.0
Poison Magic   | 1 2 |  2.0
Stealth        | 3 |  3.5
Staves         | 5 |  5.2
Dodging        | 5 |  5.2
Evocations     | 5 |  5.2
Armour         | 7 |  7.0

Action                   |  1- 3 |  4- 6 |  7- 9 || total
-------------------------+-------+-------+-------++-------
Melee: Quarterstaff      |    92 |    16 |       ||   108
       Bite              |     5 |     9 |    16 ||    30
       Trident           |       |   107 |       ||   107
       Punch             |       |     2 |       ||     2
       Spear             |       |    65 |   109 ||   174
Throw: Dart              |     9 |     6 |       ||    15
Evoke: Lightning rod     |     5 |     8 |       ||    13
  Use: Scroll            |       |     3 |     3 ||     6
       Potion            |       |     3 |       ||     3
 Stab: Sleeping          |       |     2 |       ||     2
Armor: Scale mail        |    65 |    77 |    47 ||   189
Dodge: Dodged            |    70 |    94 |    21 ||   185
Block: Kite shield       |       |    14 |    32 ||    46
